 Dungeon Crawl Stone Soup version 0.27-a0-1219-g958d993ae5 (webtiles) character file.

Game seed: 3385091091562417499

1109 ZappyNine the Skirmisher (level 8, -12/80 HPs)
             Began as a Naga Fighter on June 6, 2021.
             Was a Follower of Cheibriados.
             Mangled by a two-headed ogre
             ... wielding a +0 dire flail
              (15 damage)
             ... on level 6 of the Dungeon.
             The game lasted 00:05:48 (6593 turns).

ZappyNine the Skirmisher (Naga Fighter)             Turns: 6593, Time: 00:05:48

Health: -12/80     AC:  9    Str: 23    XL:     8   Next: 33%
Magic:  8/10       EV:  6    Int: 12    God:    Cheibriados [*.....]
Gold:   284        SH: 10    Dex: 20    Spells: 7/7 levels left

rFire    . . .     SeeInvis +   a - +1 war axe (venom)
rCold    + . .     Faith    .   c - +0 kite shield
rNeg     . . .     Spirit   .   t - +2 ring mail {rC+}
rPois    +         Reflect  .   l - +0 helmet
rElec    .         Harm     .   (no cloak)
rCorr    .         Rampage  .   v - +0 pair of gloves
Will     +....                  (no barding)
Stlth    +.........             k - amulet of the acrobat
HPRegen  0.23/turn              j - +6 ring of dexterity
MPRegen  0.12/turn              (no ring)

@: very slow
A: AC +2, large, see invisible, deformed body, poison resistance, slowness 2,
spit poison 1, naga tail 1
a: Spit Poison, Renounce Religion, Bend Time


You were on level 6 of the Dungeon.
You worshipped Cheibriados.
Cheibriados was aware of your devotion.
You visited 1 branch of the dungeon, and saw 6 of its levels.
You also visited: Sewer.

You collected 284 gold pieces.

Inventory:

Hand Weapons
 a - a +1 war axe of venom (weapon)
Armour
 b - a +0 scale mail
 c - a +0 kite shield (worn)
 l - a +0 helmet (worn)
 t - a +2 ring mail of cold resistance (worn)
 v - a +0 pair of gloves (worn)
Jewellery
 e - a +6 ring of intelligence
 j - a +6 ring of dexterity (left hand)
 k - an amulet of the acrobat (around neck)
 s - a +6 ring of strength
Wands
 u - a wand of paralysis (10)
Scrolls
 d - 2 scrolls of magic mapping
 f - 2 scrolls of fog
 g - 2 scrolls of identify
 h - 4 scrolls of teleportation
 o - 2 scrolls of fear
 r - a scroll of brand weapon
Potions
 i - 3 potions of heal wounds
 m - 2 potions of attraction
 n - a potion of brilliance
 p - 2 potions of curing
 q - 2 potions of magic


   Skills:
 - Level 7.0 Fighting
 - Level 6.6 Axes
 - Level 2.4 Armour
 - Level 2.4 Shields
 + Level 3.4 Invocations


You had 7 spell levels left.
You didn't know any spells.
Your spell library contained the following spells:

 Spells                   Type           Power      Damage    Failure   Level
 Sting                    Tmut/Pois      0%         1d3       91%         1
 Poisonous Vapours        Pois/Air       0%         N/A       97%         2
 Confusing Touch          Hex            0%         N/A       100%        3
 Gell's Gravitas          Tloc           0%         N/A       100%        3
 Ignite Poison            Fire/Tmut/Pois 0%         N/A       100%        3
 Mephitic Cloud           Conj/Pois/Air  0%         N/A       100%        3
 Olgreb's Toxic Radiance  Pois           0%         N/A       100%        4
 Petrify                  Tmut/Erth      0%         N/A       100%        4
 Metabolic Englaciation   Hex/Ice        0%         N/A       100%        5
 Yara's Violent Unravell  Hex/Tmut       0%         3d3       100%        5


Dungeon Overview and Level Annotations

Branches:
Dungeon (6/15)             Temple (0/1) D:6           Sewer (visited)

Altars:
Cheibriados
Elyvilon
Gozag
Kikubaaqudgha
Nemelex Xobeh
Wu Jian

Shops:
D:2 *   D:5 (

Annotations:
D:5 2 transporters, pigah's ghost, novice OpWn
D:6 2 runed translucent doors


Innate Abilities, Weirdness & Mutations

Your serpentine skin is tough. (AC +2)
You have supernaturally acute eyesight. (SInv)
Armour fits poorly on your strangely shaped body.
Your system is resistant to poisons. (rPois)
You cover ground very slowly.
You can spit poison.
You have a snake-like lower body.


Message History

Unknown command.
You hit the two-headed ogre but do no damage.
The two-headed ogre is poisoned.
The two-headed ogre is lightly wounded.
The two-headed ogre barely misses you. You block the two-headed ogre's attack.
Unknown command.
Unknown command.
You hit the two-headed ogre.
The two-headed ogre is lightly wounded.
The two-headed ogre closely misses you.
The two-headed ogre hits you but does no damage.
Unknown command.
You slash the two-headed ogre!
The two-headed ogre looks as sick as possible!
The two-headed ogre is heavily wounded.
The two-headed ogre hits you with a +0 dire flail!
The two-headed ogre closely misses you.
Unknown command.
Unknown command.
You slash the two-headed ogre!
The two-headed ogre looks as sick as possible!
The two-headed ogre is heavily wounded.
You have got your breath back.
The two-headed ogre hits you with a +0 dire flail!
* * * LOW HITPOINT WARNING * * *
You block the two-headed ogre's attack.
Unknown command.
You hit the two-headed ogre.
The two-headed ogre looks as sick as possible!
The two-headed ogre is severely wounded.
The two-headed ogre barely misses you. The two-headed ogre closely misses you.
Unknown command.
Unknown command.
You slash the two-headed ogre!
The two-headed ogre looks as sick as possible!
The two-headed ogre is almost dead.
The two-headed ogre hits you with a +0 dire flail!
* * * LOW HITPOINT WARNING * * *
The two-headed ogre hits you with a +0 giant club!
You die...

##+#.. #####
##.....######.....######
...........@O.....+....###
#......##.###.....##.....### #
#......##.# ....##........
######....#.##.# ...##........
............##.##.....###........
..<.......# #.##.....# ###.#....
#####..##.####.##..... #.#.... #
#.......##.##..... #.###.. #
#.......##.##.....#####.# #..


You could see a two-headed ogre (extremely poisoned).

Vanquished Creatures
  A water moccasin (D:6)
  A sky beast (D:6)
  A black bear (D:5)
  A necrophage (D:4)
  An ogre (D:4)
  Blork the orc (D:5)
  A bullfrog (D:6)
  2 scorpions (D:5)
  A water moccasin skeleton (D:6)
  An orc priest (D:3)
  A centaur skeleton (D:5)
  A gnoll shaman (D:6)
  3 iguanas (D:5)
  3 gnolls (D:6)
  9 adders
  2 river rats (D:4)
  An ufetubus (D:5)
  5 worms
  2 dart slugs
  4 orcs
  10 ball pythons
  2 endoplasms
  2 giant cockroaches (D:2)
  6 goblins
  2 hobgoblins
  3 jackals (D:2)
  3 kobolds
  2 quokkas
  2 bats
  5 frilled lizards
  4 rats
83 creatures vanquished.

Notes
Turn   | Place    | Note
-------+----------+-------------------------------------------
     0 | D:1      | ZappyNine the Naga Fighter began the quest for the Orb.
     0 | D:1      | Reached XP level 1. HP: 21/21 MP: 1/1
   378 | D:1      | Found a faded altar of an unknown god.
   745 | D:1      | Reached XP level 2. HP: 25/28 MP: 2/2
   891 | D:2      | Found Leon's Assorted Antiques.
   893 | D:2      | Found a sparkling altar of Nemelex Xobeh.
  1082 | D:2      | Reached XP level 3. HP: 24/34 MP: 3/3
  2024 | D:3      | Reached skill level 4 in Fighting
  2024 | D:3      | Reached XP level 4. HP: 17/44 MP: 4/4
  2527 | D:3      | Found a snail-covered altar of Cheibriados.
  2527 | D:3      | Found an opulent altar of Gozag.
  2528 | D:3      | Found an ornate altar of the Wu Jian Council.
  2533 | D:3      | Became a worshipper of Cheibriados the Contemplative
  2738 | D:3      | Found an ancient bone altar of Kikubaaqudgha.
  3091 | D:4      | Reached XP level 5. HP: 38/51 MP: 5/5
  3154 | D:4      | Found a glowing drain.
  3206 | Sewer    | Entered a sewer
  3536 | Sewer    | Reached * piety under Cheibriados
  3928 | D:4      | Found a white marble altar of Elyvilon.
  4161 | D:4      | Noticed an ogre
  4165 | D:4      | Killed an ogre
  4166 | D:4      | Reached skill level 5 in Fighting
  4166 | D:4      | Reached XP level 6. HP: 61/61 MP: 6/6
  4280 | D:4      | Noticed a necrophage
  4285 | D:4      | Killed a necrophage
  4286 | D:4      | Reached skill level 5 in Axes
  4574 | D:5      | Entered Level 5 of the Dungeon
  4599 | D:5      | Reached XP level 7. HP: 56/68 MP: 7/7
  4699 | D:5      | Noticed Blork the orc
  4709 | D:5      | Reached skill level 6 in Fighting
  4713 | D:5      | Killed Blork the orc
  4959 | D:5      | Found Taixzeol's Antique Weapon Shop.
  5069 | D:5      | Found a transporter.
  5069 | D:5      | Noticed pigah's ghost (novice OpWn)
  5097 | D:5      | Found a transporter.
  5504 | D:6      | Found a runed translucent gate.
  5504 | D:6      | Found a runed translucent gate.
  5611 | D:6      | Found a staircase to the Ecumenical Temple.
  5649 | D:6      | Reached skill level 7 in Fighting
  5649 | D:6      | Reached XP level 8. HP: 27/80 MP: 8/8
  6046 | D:6      | Reached skill level 1 in Invocations
  6374 | D:6      | Reached ** piety under Cheibriados
  6585 | D:6      | Noticed a two-headed ogre
  6593 | D:6      | HP: 3/80 [two-headed ogre/+0 dire flail (16)]
  6593 | D:6      | Mangled by a two-headed ogre

Illustrated notes

Levels and vault maps discovered:
D:1:      dpeg_arrival_orchard, layout_loops_cross,
          chequers_ecumenical_altar_grove
D:2:      layout_basic, basic_altar, serial_shops, shop
D:3:      layout_loops_ring, nicolae_overflow_quartered_altars,
          nicolae_underground_beach
D:4:      layout_basic, elyvilon_altar_4, lightli_sewer_entry_pipes,
          lightli_ossuary_entry_decrepit_ruins
D:5:      layout_gridville, gammafunk_ghost_mausoleum, serial_shops,
          nicolae_shop_statue_plus, corner_web_ring, uniq_blork_the_orc
D:6:      layout_basic, minmay_temple_entry_overgrown,
          ebering_ghost_rock_garden, uniq_crazy_yiuf_cottage

Skill      XL: |  1  2  3  4  5  6  7  8 |
---------------+-------------------------+-----
Axes           | 3 4 5 6 |  6.6
Fighting       | 4 5 7 |  7.0
Invocations    | 3 |  3.4
Armour         | |  2.4
Shields        | |  2.4

Action                   |  1- 3 |  4- 6 |  7- 9 || total
-------------------------+-------+-------+-------++-------
Melee: War axe           |    77 |   141 |    68 ||   286
Invok: Bend Time         |       |       |     1 ||     1
 Abil: Spit Poison       |     1 |     1 |     3 ||     5
  Use: Potion            |     1 |     2 |     2 ||     5
       Scroll            |       |    13 |       ||    13
Armor: Scale mail        |    33 |    73 |    31 ||   137
       Ring mail         |       |       |     3 ||     3
Dodge: Dodged            |    16 |    44 |    27 ||    87
Block: Kite shield       |    51 |    91 |    47 ||   189

Table legend: (Time is in decaauts)
 A = Elapsed time spent in this place.
 B = Non-inter-level travel time spent in this place.
 C = Inter-level travel time spent in this place.
 D = Time resting spent in this place.
 E = Time spent auto-exploring this place.
 F = Levels seen in this place.
 G = Mean time per level.
                   A        B        C        D        E       F      G
               +--------+--------+--------+--------+--------+-----+--------+
         Total |   9450 |   9065 |    385 |   1339 |   6602 |   7 | 1350.0 |
       Dungeon |   8630 |   8245 |    385 |   1174 |   6091 |   6 | 1438.3 |
         Sewer |    819 |    819 |      0 |    165 |    511 |   1 |  819.0 |
               +--------+--------+--------+--------+--------+-----+--------+

Top non-repeatable levels by time:
     D:4: 1982 daAuts
     D:6: 1569 daAuts
     D:3: 1447 daAuts
     D:5: 1354 daAuts
     D:2: 1165 daAuts
     D:1: 1111 daAuts
   Sewer: 819 daAuts
